 Dungeon Crawl Stone Soup version 0.19-a0-958-gd69d43c (webtiles) character file.

28 Leszczynek the Charmwright (level 2, 2/22 HPs)
             Began as a Demonspawn Skald on July 11, 2016.
             Quit the game on level 1 of the Dungeon.
             The game lasted 00:02:02 (1121 turns).

Leszczynek the Charmwright (Demonspawn Skald)       Turns: 1121, Time: 00:02:03

Health: 2/22       AC:  4    Str: 12    XL:     2   Next: 96%
Magic:  2/5        EV: 11    Int: 13    God:
Gold:   33         SH:  0    Dex: 12    Spells: 2 memorised, 2 levels left

rFire  . . .     SeeInvis .     a - +0 mace
rCold  . . .     Gourm    .     b - +0 leather armour
rNeg   . . .     Faith    .     (no shield)
rPois  .         Spirit   .     (no helmet)
rElec  .         Dismiss  .     (no cloak)
rCorr  .         Reflect  .     (no gloves)
SustAt .         Harm     .     (no boots)
MR     .....                    (no amulet)
Stlth  +.........               (no ring)
                                (no ring)

@: infused, not resistant to hostile enchantments, very unstealthy
A: icy blue scales 1
a: no special abilities


You were on level 1 of the Dungeon.
You were hungry.

You visited 1 branch of the dungeon, and saw 1 of its levels.

You collected 33 gold pieces.

Inventory:

Hand Weapons
 a - a +0 mace (weapon)
Armour
 b - a +0 leather armour (worn)
 h - a +0 ring mail
Scrolls
 e - 2 scrolls of identify
 f - a scroll of enchant armour
 i - 2 scrolls of fog
Books
 c - a book of Battle

   Spells                             Type                      Level
   a - Infusion                       Charms                       1
   b - Shroud of Golubria             Charms/Translocation         2
   c - Song of Slaying                Charms                       2
   d - Spectral Weapon                Hexes/Charms                 3
   e - Regeneration                   Charms/Necromancy            3
Comestibles
 d - 2 bread rations


   Skills:
 - Level 2.0 Fighting
 * Level 2.2 Maces & Flails
 - Level 0.8 Armour
 + Level 1.4 Dodging
 - Level 2.1 Spellcasting
 - Level 3.0 Charms
 + Level 0.3 Translocations


You had 2 spell levels left.
You knew the following spells:

 Your Spells              Type           Power        Failure   Level  Hunger
a - Infusion              Chrm           #...         12%         1    ##.....
b - Shroud of Golubria    Chrm/Tloc      #.........   28%         2    ###....


Dungeon Overview and Level Annotations

Branches:
Dungeon (1/15)

Altars:


Innate Abilities, Weirdness & Mutations

You are partially covered in icy blue scales. (AC +1)


Message History

The giant gecko barely misses you. The giant gecko bites you.
* * * LOW HITPOINT WARNING * * *
Your shroud falls apart!
You hit the giant gecko.
The giant gecko is severely wounded.
The giant gecko bites you.
* * * LOW HITPOINT WARNING * * *
The giant gecko barely misses you.
You aren't carrying any potions.
As you read the scroll labeled WUUZ VATEUK, it crumbles to dust.
It is a scroll of identify.
f - a scroll of enchant armour The giant gecko barely misses you.
As you read the scroll labeled BOIRYUTAXI, it crumbles to dust.
The scroll dissolves into smoke.
It was a scroll of fog.
The giant gecko bites you.
* * * LOW HITPOINT WARNING * * *
You aren't carrying any potions.
You aren't carrying any items that you can evoke.
Are you sure you want to abandon this character and quit the game? (Confirm with "yes".)

.# ##....# ##.......## ##.##.#
.####...####.........####.....#
...........'.........'.......##
#####...####.........####...##
#..## ##.......## #..## #.##
##...>.## #.## #.# ##.S§## #.#
#.# #####l## #.# #.# ##...#@#
#.# #.#####....§§########.#
#...).....§§..........#
#######.......######..#
##.......#.[....#
##........###.## ####.........#
#.######### #.#


You could see an adder and a giant gecko.

Vanquished Creatures
  An ooze (D:1)
  A dart slug (D:1)
  2 giant cockroaches (D:1)
  3 goblins (D:1)
  A hobgoblin (D:1)
  3 jackals (D:1)
  A kobold (D:1)
  2 bats (D:1)
  3 giant newts (D:1)
  3 rats (D:1)
20 creatures vanquished.

Notes
Turn   | Place    | Note
-------+----------+-------------------------------------------
     0 | D:1      | Leszczynek the Demonspawn Skald began the quest for the Orb.
     0 | D:1      | Reached XP level 1. HP: 16/16 MP: 3/3
   112 | D:1      | Reached skill level 1 in Dodging
   395 | D:1      | Reached skill level 2 in Maces & Flails
   396 | D:1      | Gained mutation: You are partially covered in icy blue scales. (AC +1) [demonic ancestry]
   396 | D:1      | Reached XP level 2. HP: 22/22 MP: 0/5
   591 | D:1      | Learned a level 2 spell: Shroud of Golubria
   797 | D:1      | Reached skill level 3 in Charms
  1120 | D:1      | HP: 2/22 [giant gecko (2)]
  1121 | D:1      | Quit the game

Vault maps used:
D:1:      lightli_arrival_lavapool

Skill      XL: |  1  2 |
---------------+-------+-----
Dodging        | 1 |  1.4
Maces & Flails | 2 |  2.2
Charms         | 3 |  3.0
Fighting       | |  2.0
Armour         | |  0.8
Spellcasting   | |  2.1
Translocations | |  0.3

Action                   || total
-------------------------++-------
Melee: Mace              ||    66
 Cast: Infusion          ||     2
       Shroud of Golubri ||     1
  Use: Scroll            ||     2
Armor: Leather armour    ||    16
       Ring mail         ||     1
Dodge: Dodged            ||    64
